 Dungeon Crawl Stone Soup version 0.28-a0-691-gad6df49e81 (webtiles) character file.

Game seed: 6432426854440568622

11 Drevant2 the Charlatan (level 2, 0/22 HPs)
             Began as a Demonspawn Artificer on Oct 21, 2021.
             Slain by a jackal (3 damage)
             ... on level 2 of the Dungeon.
             The game lasted 00:01:36 (323 turns).

Drevant2 the Charlatan (Demonspawn Artificer)        Turns: 323, Time: 00:01:36

Health: 0/22       AC:  3    Str: 12    XL:     2   Next: 17%
Magic:  2/2        EV: 11    Int: 12    God:
Gold:   6          SH:  0    Dex: 13    Spells: 1/1 levels left

rFire   . . .      SeeInvis .   f - +0 dagger
rCold   . . .      Faith    .   (no shield)
rNeg    . . .      Spirit   .   b - +0 leather armour
rPois   .          Reflect  .   (no helmet)
rElec   .          Harm     .   (no cloak)
rCorr   .          Rampage  .   (no gloves)
Will    .....                   (no boots)
Stlth   +.........              (no amulet)
HPRegen 0.07/turn               (no ring)
MPRegen 0.08/turn               (no ring)

@: no status effects
A: powered by pain 1
a: no special abilities


You were on level 2 of the Dungeon.
You visited 1 branch of the dungeon, and saw 2 of its levels.

You collected 6 gold pieces.

Inventory:

Hand Weapons
 a - a +0 club
 f - a +0 dagger (weapon)
Armour
 b - a +0 leather armour (worn)
Wands
 c - a wand of flame (13) (quivered)
 d - a wand of charming (15)
Scrolls
 g - a scroll of immolation {unknown}
Miscellaneous
 e - a piece from Xom's chessboard (15/15)


   Skills:
 + Level 1.7 Fighting
 - Level 1.7 Armour
 - Level 0.8 Dodging
 - Level 0.8 Stealth
 + Level 3.3 Evocations


You had one spell level left.
You didn't know any spells.
Your spell library contained the following spells:

 Spells                   Type           Power      Damage    Failure   Level
 Magic Dart               Conj           0%         1d3       38%         1
 Searing Ray              Conj           0%         2d4       54%         2
 Fulminant Prism          Conj/Hex       0%         3d6       99%         4


Dungeon Overview and Level Annotations

Branches:
Dungeon (1/15)

Altars:


Innate Abilities, Weirdness & Mutations

You sometimes gain a little power by taking damage.


Message History

The endoplasm is lightly wounded.
You hit the endoplasm but do no damage.
The endoplasm is lightly wounded.
The jackal misses you. The endoplasm hits you.
* * * LOW HITPOINT WARNING * * *
The jackal closely misses you.
You hit the endoplasm but do no damage.
The endoplasm is lightly wounded.
The endoplasm freezes you.
You are frozen.
* * * LOW HITPOINT WARNING * * *
The jackal barely misses you.
You hit the endoplasm.
The endoplasm is moderately wounded.
The endoplasm freezes you.
You are frozen.
* * * LOW HITPOINT WARNING * * *
The jackal barely misses you.
The ball python hisses angrily.
You hit the endoplasm.
The endoplasm is heavily wounded.
The jackal misses you. The endoplasm barely misses you.
A goblin comes into view. It is wielding a +0 dagger.
The jackal closely misses you.
The goblin shouts!
You hit the endoplasm but do no damage.
The endoplasm is heavily wounded.
The endoplasm misses you. The jackal barely misses you.
You hit the endoplasm.
You kill the endoplasm!
The jackal bites you but does no damage. x2
You aren't carrying any potions.
You hit the jackal but do no damage. The jackal barely misses you.
You hit the jackal.
The jackal is heavily wounded.
The jackal bites you but does no damage.
You hit the jackal.
The jackal is severely wounded.
The jackal bites you.
You die...

# #. #.# ... #####
#.######.... #(.......#
#####......##########S
#...........@hhSg.....
###.####..$.########....
#...# #[...## .
#.#g###.......#
#..J.........$..
#......#......#.#
#..#.$.#$.....# ..
#..#...#......#...
#................


You could see 2 jackals, a goblin and a ball python.

Vanquished Creatures
  2 ball pythons
  2 endoplasms (D:2)
  A giant cockroach (D:1)
  A goblin (D:2)
  2 kobolds
  2 rats (D:1)
10 creatures vanquished.

Notes
Turn   | Place    | Note
-------+----------+-------------------------------------------
     0 | D:1      | Drevant2 the Demonspawn Artificer began the quest for the
                  | Orb.
     0 | D:1      | Reached XP level 1. HP: 15/15 MP: 1/1
   185 | D:1      | You fall into a shaft and drop 1 floor!
   185 | D:2      | Found a faded altar of an unknown god.
   254 | D:2      | Gained mutation: You sometimes gain a little power by
                  | taking damage. [demonic ancestry]
   254 | D:2      | Reached XP level 2. HP: 8/21 MP: 2/2
   323 | D:2      | Slain by a jackal

Illustrated notes

Levels and vault maps discovered:
D:1:      amcnicky_arrival_underground_garden, layout_basic, serial_shops,
          nicolae_diamond_shop
D:2:      layout_rooms, hellmonk_ecumenical_altar_lost_god,
          small_statue_intersection

Action                   || total
-------------------------++-------
Melee: Dagger            ||    33
       Club              ||    13
Evoke: Wand              ||     2
Armor: Leather armour    ||    15
Dodge: Dodged            ||    24

Table legend: (Time is in decaauts)
 A = Elapsed time spent in this place.
 B = Non-inter-level travel time spent in this place.
 C = Inter-level travel time spent in this place.
 D = Time resting spent in this place.
 E = Time spent auto-exploring this place.
 F = Levels seen in this place.
 G = Mean time per level.
                   A        B        C        D        E       F      G
               +--------+--------+--------+--------+--------+-----+--------+
         Total |    326 |    324 |      2 |    123 |     67 |   2 |  163.0 |
       Dungeon |    326 |    324 |      2 |    123 |     67 |   2 |  163.0 |
               +--------+--------+--------+--------+--------+-----+--------+

Top non-repeatable levels by time:
     D:1: 188 daAuts
     D:2: 137 daAuts
